 Dungeon Crawl Stone Soup: Circus Animals version v1.3.0-637-gbaa2572 (webtiles) character file.

92 Bloax the Ruffian (level 2, 0/22 HPs) *NIGHTMARE*
             Began as a Minotaur Monk on May 9, 2016.
             Slain by a goblin
             ... wielding a +0 dagger
              (4 damage)
             ... on level 2 of the Dungeon.
             The game lasted 00:01:38 (210 turns).

Bloax the Ruffian (Minotaur Monk)                    Turns: 210, Time: 00:01:38

Health: 0/22       AC:  2    Str: 15    XL:     2   Next: 72%
Magic:  4/4        EV: 13    Int:  7    God:
Gold:   8          SH:  0    Dex: 12    Spells: 0 memorised, 1 level left

rFire  . . .     SeeInvis .       - Unarmed
rCold  . . .     Gourm    .     a - +0 robe
rNeg   . . .     Faith    .     (no shield)
rPois  .         Spirit   .     (helmet restricted)
rElec  .         Dismiss  .     (no cloak)
rCorr  .         Reflect  .     (no gloves)
SustAt .         Harm     .     (no boots)
MR     .....                    (no amulet)
Stlth  ++........               (no ring)
                                (no ring)

@: power, slow, not resistant to hostile enchantments, unstealthy
A: retaliatory headbutt, horns 2
a: no special abilities


You were on level 2 of the Dungeon.
You were not hungry.

You visited 1 branch of the dungeon, and saw 2 of its levels.

You collected 8 gold pieces.


Innate Abilities, Weirdness & Mutations

You reflexively headbutt those who attack you in melee.
You have a pair of horns on your head.


   Skills:
 + Level 3.3 Fighting
 - Level 3.2 Dodging
 - Level 1.7 Stealth
 * Level 4.6 Unarmed Combat


You had one spell level left.
You didn't know any spells.

Dungeon Overview and Level Annotations

Branches:
Dungeon (2/15)

Altars:

Inventory:

Armour
 a - a +0 robe (worn)

####
#W)## #
#
###.##.#
. ##@#.#
#. #gg.#
#.#
##g###
#.###.##
#..g##
##.##
#.# #.#
#g#


You could see a phantom and 3 goblins.


Message History

You see here a helmet.
The adder skeleton bites you (1).
The phantom blinks! 6 goblins come into view.
The goblin shouts! x3
Ijyb the Twisted Goblin comes into view. (26hp) He is wielding a dagger.
The goblin shouts!
You see here a scroll labeled SOUXZO JOIJIA.
a - a scroll labeled SOUXZO JOIJIA The adder skeleton bites you (1).
The goblin shouts!
The adder skeleton barely misses you. You furiously retaliate!
You headbutt the adder skeleton.
The adder skeleton bites you but does no damage.
Ijyb shouts!
The goblin hits you (6) with a club.
* * * LOW HITPOINT WARNING * * *
The goblin hits you but does no damage. The goblin closely misses you.
The goblin closely misses you. The goblin closely misses you.
You furiously retaliate!
You headbutt the goblin!
You kill the goblin!
The goblin shouts!
The phantom blinks!
The goblin wields a hunting sling.
The goblin shoots a stone.
The stone hits you (1).
* * * LOW HITPOINT WARNING * * *
You see here a stone.
The goblin barely misses you. The adder skeleton barely misses you.
The adder skeleton bites you (3).
* * * LOW HITPOINT WARNING * * *
You hit the adder skeleton (6). The adder skeleton closely misses you.
You punch the adder skeleton (7)!
You destroy the adder skeleton!
You have reached level 2!
Read which item? (? for menu, Esc to quit)
Okay, then.
Read which item? (? for menu, Esc to quit)
As you read the scroll labeled SOUXZO JOIJIA, it crumbles to dust.
It is a scroll of identify.
You don't have any unidentified items.
Really abort (and waste the scroll)?
Okay, then.
Unknown command.
Unknown command.
Unknown command.
Unknown command.
Unknown command.
You swing at nothing.
You punch Ijyb (13)! Ijyb barely misses you. You furiously retaliate!
You headbutt Ijyb. You hit Ijyb (4). Ijyb barely misses you.
The phantom blinks!
You hit Ijyb (1). Ijyb barely misses you.
The phantom blinks!
A quokka comes into view. (5hp)
You hit Ijyb (5). You punch Ijyb (1).
You kill Ijyb!
The quokka moves out of view.
You punch the goblin (10)!
You kill the goblin!
The quokka closely misses you.
Items here: %% ) [ a dagger; a leather armour; a goblin corpse; the goblin corpse of Ijyb You hit the quokka (6).
You kill the quokka!
The phantom blinks!
The phantom blinks!
The goblin closely misses you. The goblin hits you (4) with a dagger.
You die...

Action                   || total
-------------------------++-------
Melee: Unarmed           ||    10
       Punch             ||     1
  Use: Scroll            ||     1
Armor: Robe              ||     2
Dodge: Dodged            ||    14

Vault maps used:
D:1:      minmay_arrival_widening_spiral_wide, ashenzari_altar_1
D:2:      kennysheep_the_goblin_king, gammafunk_temple_overflow_forgotten,
          st_stairs_14

Notes
Turn   | Place    | Note
--------------------------------------------------------------
     0 | D:1      | Bloax the Minotaur Monk began the quest for the Orb.
     0 | D:1      | Reached XP level 1. HP: 17/17 MP: 4/4
   157 | D:2      | Noticed a phantom
   170 | D:2      | Noticed Ijyb
   180 | D:2      | HP: 4/17 [goblin/stone (1)]
   191 | D:2      | HP: 2/17 [adder skeleton (3)]
   194 | D:2      | Reached XP level 2. HP: 3/22 MP: 4/4
   205 | D:2      | Killed Ijyb
   210 | D:2      | Slain by a goblin

Vanquished Creatures
  Ijyb (D:2)
  An adder skeleton (D:2)
  2 goblins (D:2)
  A quokka (D:2)
  A rat (D:1)
6 creatures vanquished.

Vault maps used:
D:1:      minmay_arrival_widening_spiral_wide, ashenzari_altar_1
D:2:      kennysheep_the_goblin_king, gammafunk_temple_overflow_forgotten,
          st_stairs_14
